 Dungeon Crawl Stone Soup version 0.26.1-2-gb8aa6d0 (webtiles) character file.

Game seed: 18145313139880954026

1 FuelWaster the Grave Robber (level 1, 0/14 HPs)
             Began as a Ghoul Necromancer on Feb 26, 2021.
             Slain by a frilled lizard (1 damage)
             ... on level 2 of the Dungeon on Feb 27, 2021.
             The game lasted 00:03:46 (141 turns).

FuelWaster the Grave Robber (Ghoul Necromancer)      Turns: 141, Time: 00:03:47

Health: 0/14       AC:  2    Str: 11    XL:     1   Next: 20%
Magic:  0/2        EV: 12    Int: 10    God:
Gold:   0          SH:  0    Dex:  9    Spells: 2/3 levels left

rFire    . . .     SeeInvis .   d - +0 dagger
rCold    + . .     Faith    .   (no shield)
rNeg     + + +     Spirit   .   a - +0 robe
rPois    ∞         Reflect  .   (no helmet)
rElec    .         Harm     .   (no cloak)
rCorr    .         Rampage  .   (no gloves)
Will     .....                  (no boots)
Stlth    ++........             (no amulet)
HPRegen  0.00/turn              (no ring)
MPRegen  0.08/turn              (no ring)

@: no status effects
A: claws 1, cold resistance 1, negative energy resistance 3, inhibited
regeneration, torment resistance, unbreathing
a: no special abilities


You were on level 2 of the Dungeon.
You visited 1 branch of the dungeon, and saw 2 of its levels.

Inventory:

Hand Weapons
 d - a +0 dagger (weapon)
Missiles
 b - 10 arrows
Armour
 a - a +0 robe (worn)
Potions
 e - a potion of heal wounds {unknown}


   Skills:
 + Level 1.8 Dodging
 + Level 2.1 Stealth
 + Level 1.8 Spellcasting
 + Level 4.0 Necromancy


You had 2 spell levels left.
You knew the following spells:

 Your Spells              Type           Power        Failure   Level
a - Pain                  Necr           32%          6%          1

Your spell library contained the following spells:

 Spells                   Type           Power        Failure   Level
 Animate Skeleton         Necr           16%          6%          1
 Vampiric Draining        Necr           4%           19%         3
 Animate Dead             Necr           4%           52%         4
 Agony                    Necr           8%           86%         5


Dungeon Overview and Level Annotations

Branches:
Dungeon (1/15)

Altars:

Annotations:
D:2 Jessica


Innate Abilities, Weirdness & Mutations

You thrive by killing the living.
You are immune to poison.
You have sharp fingernails.
Your flesh is cold resistant. (rC+)
You are immune to negative energy. (rN+++)
You do not regenerate when monsters are visible.
You are immune to unholy pain and torment.
You can survive without breathing.


Message History

d - a +0 dagger (weapon)
Jessica hits you with a +0 dagger.
You hit Jessica.
Jessica is severely wounded.
Jessica hits you with a +0 dagger.
* * * LOW HITPOINT WARNING * * *
The frilled lizard bites you.
* * * LOW HITPOINT WARNING * * *
You hit Jessica but do no damage.
Jessica is severely wounded.
Jessica hits you but does no damage. The frilled lizard bites you.
* * * LOW HITPOINT WARNING * * *
Jessica barely misses you.
There are monsters nearby!
As you read the scroll labelled NIORCH EPSAO, it crumbles to dust.
You feel aware of your surroundings.
You sensed 2 altars.
It was a scroll of magic mapping.
Jessica mumbles some strange words.
Jessica blinks!
The frilled lizard bites you.
You die...

******,,**##P.#P...#,*
*,,***,, ,..##,,**
#...#..P##,*****,** **,
,.....#####...#.♣♣#,,*,,,,,*
*, ,***#.........###
*,,,,***,* ** ,*
###.......#####*,,,,,,,******
,**
#####...#♣..#*******,,,,,,,
,,* #♣..#.88##*****,,,*,,,,
*,* #P.#PPPP#,,,,,,******,
*,* #...§@_⌠#,****,* *,,, *,*
#.P#lP..#,,,,,,* **,** *,*
#♣P#..8##,,,,*,***,,* *,*
#8#.♣.#***,,,,,,,,** *,*
#.#####***,,,,*****
*,**********###*****,,,*,,*
*,**,,,,,,,,,,,,*,,,,******
*,,,,************,**** ******
****,*


You could see a frilled lizard.

Vanquished Creatures
  2 bats (D:2)
2 creatures vanquished.

Vanquished Creatures (others)
  A plant (D:2)
1 creature vanquished.

Grand Total: 3 creatures vanquished

Notes
Turn   | Place    | Note
-------+----------+-------------------------------------------
     0 | D:1      | FuelWaster the Ghoul Necromancer began the quest for the
                  | Orb.
     0 | D:1      | Reached XP level 1. HP: 14/14 MP: 2/2
    83 | D:1      | You fall into a shaft and drop 1 floor!
   123 | D:2      | Noticed Jessica
   130 | D:2      | Found a faded altar of an unknown god.
   141 | D:2      | Slain by a frilled lizard

Illustrated notes

Levels and vault maps discovered:
D:1:      onia_arrival_mini_spirals, layout_basic
D:2:      layout_rooms, pdpol_temple_overflow_zin_treasury_gozag_greed,
          chequers_ecumenical_altar_lobes, uniq_jessica

Action                   || total
-------------------------++-------
Melee: Unarmed           ||    10
       Dagger            ||     2
 Cast: Pain              ||     4
  Use: Scroll            ||     1
Armor: Robe              ||     5
Dodge: Dodged            ||     9
